 Dungeon Crawl Stone Soup version 0.27.0-1-g7a089689b8 (webtiles) character file.

Game seed: 10365576865906304341

98 gimp the Magician (level 4, -3/35 HPs)
             Began as a Mummy Warper on Aug 10, 2021.
             Killed from afar by Ijyb (9 damage)
             ... with a puff of flame
             ... on level 3 of the Dungeon.
             The game lasted 00:05:06 (2573 turns).

gimp the Magician (Mummy Warper)                    Turns: 2573, Time: 00:05:06

Health: -3/35      AC:  6    Str: 14    XL:     4   Next: 44%
Magic:  8/8        EV: 10    Int: 13    God:
Gold:   95         SH:  0    Dex: 11    Spells: 8/9 levels left

rFire    . . .     SeeInvis .   a - +0 spear
rCold    + + .     Faith    .   (no shield)
rNeg     + + +     Spirit   .   g - +0 ring mail
rPois    ∞         Reflect  .   (no helmet)
rElec    .         Harm     .   n - scarf {rC+ rF+}
rCorr    .         Rampage  .   (no gloves)
Will     +....                  q - +0 pair of boots
Stlth    +.........             (no amulet)
HPRegen  0.11/turn              m - ring of willpower
MPRegen  0.11/turn              (no ring)

@: no status effects
A: cold resistance 1, negative energy resistance 3, torment resistance 2, heat
vulnerability 1, no potions
a: no special abilities


You were on level 3 of the Dungeon.
You visited 1 branch of the dungeon, and saw 3 of its levels.

You collected 95 gold pieces.

Inventory:

Hand Weapons
 a - a +0 spear (weapon)
 b - a +0 hunting sling
Missiles
 d - 5 boomerangs of dispersal (quivered)
 h - 62 stones
 j - 30 sling bullets
 o - 21 poisoned darts
Armour
 e - a +0 leather armour
 f - a +0 pair of boots
 g - a +0 ring mail (worn)
 n - a scarf of resistance (worn)
 q - a +0 pair of boots (worn)
Jewellery
 m - a ring of willpower (left hand)
Scrolls
 c - a scroll of blinking
 i - 3 scrolls of acquirement {unknown}
 k - 4 scrolls of identify {unknown}
 l - 3 scrolls of fog {unknown}
 p - 2 scrolls of vulnerability {unknown}
 r - a scroll of amnesia {unknown}
 s - a scroll of enchant weapon {unknown}


   Skills:
 - Level 3.0 Fighting
 + Level 3.0 Polearms
 - Level 0.7 Throwing
 - Level 0.7 Armour
 - Level 1.5 Dodging
 * Level 3.3 Spellcasting
 - Level 2.4 Translocations
 + Level 0.5 Ice Magic


You had 8 spell levels left.
You knew the following spells:

 Your Spells              Type           Power      Damage    Failure   Level
a - Freeze                Ice            12%        1d4       36%         1

Your spell library contained the following spells:

 Spells                   Type           Power      Damage    Failure   Level
 Blink                    Tloc           N/A        N/A       26%         2
 Gell's Gravitas          Tloc           4%         N/A       45%         3
 Lesser Beckoning         Tloc           4%         N/A       45%         3
 Teleport Other           Tloc           8%         N/A       45%         3
 Frozen Ramparts          Ice            6%         1d2       73%         3
 Animate Armour           Summ/Erth      4%         N/A       99%         4
 Hailstorm                Conj/Ice       2%         3d3       99%         4
 Manifold Assault         Tloc           8%         N/A       99%         5
 Iron Shot                Conj/Erth      1%         9d1       100%        6
 Blade Hands              Tmut           Unusable   N/A       N/A         5

Dungeon Overview and Level Annotations

Branches:
Dungeon (3/15)

Altars:

Shops:
D:1 =

Annotations:
D:3 Ijyb


Innate Abilities, Weirdness & Mutations

You are immune to poison.
Your flesh is cold resistant. (rC+)
You are immune to negative energy. (rN+++)
You are immune to unholy pain and torment.
You are vulnerable to heat. (rF-)
You do not drink.


Message History

You shoot a stone. The stone closely misses the jackal.
The stone barely misses Ijyb.
The jackal bites you but does no damage. x2
You shoot a stone. The stone misses the jackal.
The stone hits Ijyb but does no damage.
The jackal bites you.
You take 1 damage, and have 34/35 hp.
You shoot a stone. The stone closely misses the jackal.
The stone hits Ijyb but does no damage.
The jackal bites you but does no damage.
The jackal misses you.
Health restored: 35 You shoot a stone.
The stone hits the jackal.
You kill the jackal!
a - a +0 spear (weapon)
Ijyb hits you but does no damage.
Ijyb zaps a wand.
The puff of flame hits you.
You take 4 damage, and have 31/35 hp.
Okay, then.
You reach to attack!
You hit Ijyb.
Ijyb is lightly wounded.
Ijyb zaps a wand.
The puff of flame hits you.
You take 5 damage, and have 26/35 hp.
You reach to attack!
You barely miss Ijyb.
Ijyb is lightly wounded.
You closely miss Ijyb.
Ijyb is lightly wounded.
Ijyb zaps a wand.
The puff of flame hits you!
You take 8 damage, and have 18/35 hp.
MASSIVE DAMAGE!!
You barely miss Ijyb.
Ijyb is lightly wounded.
Ijyb hits you with a +0 dagger.
You take 5 damage, and have 13/35 hp.
Ijyb zaps a wand.
The puff of flame hits you!
* * * LOW HITPOINT WARNING * * *
You take 8 damage, and have 5/35 hp.
MASSIVE DAMAGE!!
You can't drink.
Unknown command.
Okay, then.
Ijyb zaps a wand.
The puff of flame hits you!
You die...

###.#.#.#######<##.##.###..###
................#.#^#.###..#
###.###..#####.............#
######......#
##.#####.####.###
..((((.###..# #.# #.# #....
######## #..######.### #.#
##### #........... ..# #####
##.######.# ... .....
#..g..@..# #.## #####
########.# #. #


You could see Ijyb.

Vanquished Creatures
  2 adders
  A worm (D:3)
  2 dart slugs
  9 ball pythons
  2 bats
  6 endoplasms
  4 goblins
  8 hobgoblins
  10 jackals
  4 quokkas
  2 frilled lizards
  6 kobolds
  8 rats
64 creatures vanquished.

Notes
Turn   | Place    | Note
-------+----------+-------------------------------------------
     0 | D:1      | gimp the Mummy Warper began the quest for the Orb.
     0 | D:1      | Reached XP level 1. HP: 16/16 MP: 4/4
   156 | D:1      | Reached XP level 2. HP: 23/23 MP: 5/5
   228 | D:1      | Found a faded altar of an unknown god.
   629 | D:1      | Found Oxot's Jewellery Shoppe.
   911 | D:1      | Reached XP level 3. HP: 28/29 MP: 7/7
  1737 | D:2      | Learned a level 1 spell: Freeze
  1852 | D:2      | Reached XP level 4. HP: 31/35 MP: 8/8
  2548 | D:3      | Noticed Ijyb
  2573 | D:3      | Killed from afar by Ijyb

Illustrated notes

Levels and vault maps discovered:
D:1:      ncdulo_wetmaze, layout_rooms, shapermc_ecumenical_altar_ellora,
          serial_shops, nicolae_shop_behind_doors
D:2:      layout_basic, minmay_diced_spiral
D:3:      layout_loops_ring, minmay_fractal_squares_gapless_5, uniq_ijyb

Skill      XL: |  1  2  3  4 |
---------------+-------------+-----
Polearms       | 2 3 |  3.0
Fighting       | 3 |  3.0
Spellcasting   | 3 |  3.3
Throwing       | |  0.7
Armour         | |  0.7
Dodging        | |  1.5
Translocations | |  2.4
Ice Magic      | |  0.5

Action                   |  1- 3 |  4- 6 || total
-------------------------+-------+-------++-------
Melee: Spear             |   161 |    54 ||   215
 Fire: Hunting sling     |    66 |    20 ||    86
Armor: Leather armour    |     5 |       ||     5
       Ring mail         |    69 |    20 ||    89
Dodge: Dodged            |   100 |    22 ||   122
